Map: Lerilak Crest

Players

wabbajack - Winner!

  • Race: Zerg Zerg
  • League: Gold

Mindfighter

  • Race: Terran Terran
  • League: Silver

VOD

Have the link to the VOD?

Description

Time

  • Played on: July 18, 2015, 4:20 p.m.
  • Length: 14:25
Show
View Real Time Build Order
Export as new Build Order

wabbajack Zerg - Winner!

Build Orders: Pool First, Lurkers 

Get SALT Encoding   

  12  0:01  Drone  
  13  0:16  Extractor  
  12  0:24  Spawning Pool  
  11  0:29  Drone  
  11  0:34  Drone  
  13  0:43  Drone  
  14  0:50  Overlord  
  14  0:58  Drone, Extractor  
  15  1:11  Queen  
  17  1:18  Metabolic Boost  
  17  1:25  Drone  
  18  1:28  Drone  
  18  1:32  Zergling x2  
  20  1:40  Overlord  
  20  1:58  Pneumatized Carapace  
  20  2:01  Drone  
  20  2:02  Drone  
  22  2:21  Hatchery  
  21  2:44  Zergling x6  
  23  2:53  Zergling x2  
  23  2:58  Zergling x6  
  27  2:59  Zergling x2  
  27  3:00  Overlord  
  28  3:07  Queen, Extractor  
  29  3:16  Roach Warren  
  28  3:57  Lair  
  28  4:02  Evolution Chamber  
  27  4:04  Drone x7  
  30  4:42  Zerg Missile Weapons Level 1  
  30  4:43  Baneling Nest  
  29  4:46  Drone  
  29  4:47  Drone x8  
  38  4:55  Glial Reconstitution  
  38  5:05  Hydralisk Den  
  37  5:26  Drone x3  
  37  5:27  Drone x3  
  43  5:29  Overlord x2  
  43  5:32  Baneling x2  
  43  5:33  Baneling x2  
  43  5:38  Baneling x2  
  43  5:44  Lurker Den  
  43  5:52  Spore Crawler, Spine Crawler  
  41  6:01  Drone  
  41  6:02  Drone x2  
  44  6:06  Hatchery, Drone, Extractor  
  39  6:39  Zerg Ground Armor Level 1  
  39  6:41  Overlord x2  
  39  6:46  Hydralisk x2  
  41  6:49  Drone, Extractor  
  41  6:51  Overlord x2  
  43  6:58  Queen  
  43  7:01  Hydralisk x2  
  45  7:07  Hydralisk  
  51  7:09  Zergling x14  
  58  7:20  Lurker  
  58  7:22  Roach x2  
  63  7:32  Lurker  
  64  7:38  Drone  
  64  7:39  Drone x2  
  67  7:44  Overseer  
  67  7:49  Lurker  
  68  7:58  Lurker  
  69  7:59  Drone  
  69  8:00  Drone x3  
  69  8:01  Drone x3  
  64  8:39  Hydralisk x4  
  64  8:40  Hydralisk x3  
  72  8:44  Zerg Missile Weapons Level 2  
  72  8:45  Overlord x2  
  72  9:00  Hatchery  
  71  9:04  Muscular Augments  
  71  9:11  Evolution Chamber  
  71  9:15  Spore Crawler  
  69  9:40  Zerg Ground Armor Level 2  
  69  9:45  Infestation Pit  
  68  9:52  Drone x2  
  70  9:59  Extractor x2  
  68  10:47  Roach x12  
  68  10:48  Roach x5  
  83  11:19  Queen  
  83  11:23  Drone x2  
  83  11:24  Drone x2  
  83  11:25  Drone x2  
  91  11:27  Drone x3  
  91  11:32  Overseer  
  94  11:33  Overseer  
  94  11:58  Overlord x4  
  94  12:04  Drone  
  94  12:05  Drone x3  
  98  12:13  Hatchery  
  97  12:16  Overlord x2  
  97  12:25  Zerg Melee Weapons Level 1  
  97  12:27  Hive, Extractor  
  96  12:32  Roach Warren, Extractor  
  96  12:34  Drone x2, Spire  
  95  12:42  Lurker  
  95  12:43  Lurker x6  
  102  12:53  Hydralisk x3  
  108  13:00  Drone x3  
  108  13:05  Queen  
  113  13:08  Zergling x2  
  113  13:09  Zergling x2  
  113  13:12  Zergling x2  
  92  14:12  Drone x3  
  92  14:13  Drone x2  
Show
View Real Time Build Order
Export as new Build Order

Mindfighter Terran 

Build Orders: Command Center First (CC) 

Get SALT Encoding   

  12  0:01  SCV  
  13  0:13  SCV  
  14  0:25  SCV  
  15  0:29  Supply Depot  
  15  0:50  SCV  
  15  0:56  Command Center  
  16  1:02  SCV  
  17  1:12  Barracks  
  17  1:14  SCV  
  18  1:27  SCV  
  18  1:28  Refinery  
  19  1:38  Supply Depot  
  19  1:39  SCV  
  20  1:51  SCV  
  21  2:02  Barracks  
  21  2:03  SCV  
  22  2:08  Marine  
  22  2:09  Orbital Command  
  23  2:26  Marine  
  23  2:27  Orbital Command  
  23  2:29  Refinery  
  24  2:38  SCV  
  25  2:44  Marine  
  26  2:51  Bunker  
  26  2:53  Barracks Reactor  
  26  2:54  SCV  
  26  2:55  SCV  
  28  3:03  Factory  
  28  3:07  SCV  
  28  3:10  SCV  
  30  3:13  Supply Depot, Barracks Tech Lab  
  30  3:20  SCV  
  30  3:22  SCV  
  30  3:23  Supply Depot  
  32  3:32  SCV, Engineering Bay, Marine x2  
  35  3:34  Stimpack  
  35  3:36  Marine  
  35  3:37  SCV  
  37  3:44  SCV  
  38  3:50  Marine x2  
  40  3:59  Marine  
  36  4:07  Marine  
  25  4:18  Marine  
  25  4:19  Marine  
  13  4:37  Marauder  
  15  4:39  SCV x2  
  15  4:41  Marine  
  15  4:42  Marine  
  15  4:43  Factory Reactor  
  19  4:50  Terran Infantry Weapons Level 1  
  19  4:51  SCV  
  20  4:56  SCV  
  20  4:58  Marauder  
  23  5:03  SCV  
  24  5:10  Marine x2  
  24  5:11  SCV  
  27  5:21  Marauder  
  27  5:22  SCV  
  27  5:23  SCV  
  31  5:34  SCV  
  32  5:38  Supply Depot  
  32  5:41  Marine  
  33  5:46  SCV x2  
  35  5:54  Marine  
  36  5:58  SCV  
  37  6:07  Marauder, Marine  
  40  6:12  Widow Mine  
  42  6:21  SCV  
  42  6:22  SCV  
  42  6:25  Marine  
  41  6:34  SCV x2  
  41  6:35  Marine  
  41  6:36  Marine  
  45  6:46  SCV x2  
  47  6:53  Starport  
  47  6:57  Missile Turret  
  47  6:58  SCV  
  48  7:01  SCV  
  48  7:04  Marine x2  
  51  7:09  Marine  
  51  7:13  SCV  
  53  7:15  SCV  
  53  7:22  Marine  
  55  7:24  Marine  
  55  7:25  SCV  
  55  7:28  Factory Reactor  
  57  7:30  SCV  
  58  7:38  SCV  
  59  7:45  Medivac  
  59  7:47  Medivac  
  59  7:48  SCV  
  59  7:50  SCV  
  65  7:51  Refinery  
  65  7:56  Supply Depot  
  65  7:57  Supply Depot  
  65  7:58  Marine  
  65  7:59  Marine, Marauder  
  65  8:00  SCV  
  70  8:17  Marine x2, Widow Mine  
  51  8:36  Marine x2  
  51  8:37  Marauder  
  51  8:38  Widow Mine  
  51  8:39  Medivac  
  59  8:44  Barracks  
  59  8:46  SCV  
  59  8:47  SCV, Barracks  
  61  8:53  Barracks  
  61  8:58  SCV  
  61  8:59  SCV, Marine x2  
  61  9:00  Marauder  
  67  9:04  Terran Infantry Armor Level 1  
  67  9:10  SCV  
  67  9:11  SCV  
  69  9:21  Medivac  
  69  9:23  Marauder, Marine x2  
  75  9:40  SCV  
  75  9:41  SCV  
  75  9:45  Engineering Bay, Marine  
  77  9:46  Command Center, Armory  
  77  9:47  Barracks Tech Lab  
  77  9:49  Barracks Reactor  
  77  9:51  Barracks Tech Lab  
  78  9:57  SCV x2  
  80  10:04  Supply Depot  
  80  10:05  Supply Depot  
  80  10:06  Supply Depot  
  80  10:09  SCV  
  81  10:18  SCV  
  81  10:19  Marine x2  
  81  10:20  Marauder  
  86  10:26  SCV, Marauder x2  
  66  11:18  Marine x2  
  66  11:19  Marauder x3  
  66  11:24  Planetary Fortress  
  74  11:28  Missile Turret  
  74  11:29  Marine x2  
  74  11:32  Medivac x2  
  80  11:33  SCV  
  81  11:40  Marauder  
  81  11:41  Marauder x2  
  81  11:45  Refinery  
  87  11:47  Marine x2  
  87  11:50  Command Center  
  87  11:51  Missile Turret  
  87  11:53  Command Center  
  89  11:57  Marine  
  89  11:58  Marine  
  89  12:02  Marauder x3  
  89  12:08  Terran Infantry Weapons Level 2  
  95  12:11  Missile Turret, Marine x2  
  97  12:16  Marine  
  97  12:17  Marine  
  99  12:23  Marauder x2  
  104  12:30  Refinery  
  104  12:37  Missile Turret, Marine x2  
  104  12:38  Marine  
  104  12:41  Marauder  
  104  12:42  Medivac  
  110  12:45  Marauder x2  
  110  12:49  Refinery  
  110  12:50  Missile Turret  
  114  13:01  Orbital Command  
  114  13:05  Concussive Shells  
  114  13:10  Supply Depot  
  114  13:22  Missile Turret  
  114  13:23  Marine x6  
  114  13:24  Missile Turret, Marine  
  121  13:33  Supply Depot  
  112  13:40  Marine  
  73  13:47  Missile Turret  
  64  13:49  Marine x2  
  64  13:50  Marauder x2  
  65  13:59  Marine x2  
  61  14:05  SCV  
  61  14:07  Marine  
Tags
 
Add a new tag
Caveats
  • Supply blocks, unpowered buildings, or Contaminate may cause inaccurate times.
  • Supply counts are checked every 10 seconds.